 Dungeon Crawl Stone Soup version 0.20.1-1-g8b1a95d (webtiles) character file.

104 polve the Firebug (level 4, 0/24 HPs)
             Began as a Gargoyle Fire Elementalist on July 31, 2017.
             Killed by divine providence
             ... invoked by an orc priest
              (14 damage)
             ... on level 3 of the Dungeon.
             The game lasted 00:02:58 (2866 turns).

polve the Firebug (Gargoyle Fire Elementalist)      Turns: 2866, Time: 00:02:59

Health: 0/24       AC: 10    Str: 12    XL:     4   Next: 80%
Magic:  4/7        EV: 12    Int: 16    God:
Gold:   133        SH:  0    Dex: 10    Spells: 4/7 levels left

rFire    . . .     SeeInvis .   n - +0 spear
rCold    . . .     Gourm    .   (no shield)
rNeg     + . .     Faith    .   g - +0 robe (curse)
rPois    ∞         Spirit   .   p - +2 hat
rElec    +         Reflect  .   (no cloak)
rCorr    .         Harm     .   (no gloves)
MR       .....                  (no boots)
Stlth    ++........             (no amulet)
Regen    0.1/turn               h - +3 ring of protection
MPRegen  0.1/turn               (no ring)

@: no status effects
A: negative energy resistance 1, electricity resistance, unbreathing,
petrification resistance, rot immunity, AC +3
a: no special abilities


You were on level 3 of the Dungeon.
You were not hungry.

You visited 1 branch of the dungeon, and saw 3 of its levels.

You collected 133 gold pieces.

Inventory:

Hand Weapons
 n - a +0 spear (weapon)
Armour
 g - a cursed +0 robe (worn)
 p - a +2 hat (worn)
Jewellery
 h - a +3 ring of protection (left hand)
 s - a +3 amulet of reflection {unknown}
Scrolls
 d - 2 scrolls of identify {unknown}
 j - 2 scrolls of remove curse {unknown}
 m - a scroll of random uselessness {unknown}
 q - a scroll of teleportation {unknown}
Potions
 a - 3 potions of curing {unknown}
 e - a potion of might {unknown}
 i - 2 potions of lignification {unknown}
 k - a potion of degeneration {unknown}
 o - a potion of cancellation {unknown}
Books
 b - a book of Flames

   Spells                             Type                      Level
   a - Flame Tongue                   Conjuration/Fire             1
   b - Throw Flame                    Conjuration/Fire             2
   c - Conjure Flame                  Conjuration/Fire             3
   d - Inner Flame                    Hexes/Fire                   3
   e - Sticky Flame                   Conjuration/Fire             4
   f - Fireball                       Conjuration/Fire             5
Comestibles
 c - 2 bread rations
 f - 3 meat rations
 l - a royal jelly
 r - a chunk of flesh


   Skills:
 - Level 1.5 Dodging
 - Level 2.1 Stealth
 - Level 2.0 Spellcasting
 + Level 3.4 Conjurations
 + Level 4.3 Fire Magic


You had 4 spell levels left.
You knew the following spells:

 Your Spells              Type           Power        Failure   Level  Hunger
a - Flame Tongue          Conj/Fire      ##...        4%          1    #......
b - Throw Flame           Conj/Fire      ##....       6%          2    ###....


Dungeon Overview and Level Annotations

Branches:
Dungeon (3/15)

Altars:
Xom


Innate Abilities, Weirdness & Mutations

You are resistant to torment.
Your stone body is resilient. (AC +3)
You are immune to poison.
You resist negative energy. (rN+)
You are resistant to electric shocks. (rElec)
You can survive without breathing.
You are immune to petrification.
You are immune to rotting.


Message History

You hit the rat.
You kill the rat!
An orc comes into view. It is wielding a trident of venom.
The orc shouts!
You hit the orc.
The orc is lightly wounded.
The orc hits you but does no damage.
A giant cockroach and an orc priest come into view.
The orc priest shouts!
You hit the orc.
The orc is heavily wounded.
The orc hits you but does no damage.
You hit the orc.
You kill the orc!
The orc priest calls down the wrath of Beogh upon you.
Beogh smites you!
The orc priest mumbles some strange prayers to Beogh against you.
Beogh smites you!
Ouch! That really hurt!
You die...

#...# #...### #.....##
##.###..# ##..# ##)#######
#..## #.(..##.. #.##
####.#..# #####<# #...## ###
#####..@..# ##..## ....
#....o.#### ###....#
.....#..(..†#########......#
........o.............(....#
......o.s...##.............#
...............#####.###.####
............########.# #.....
............# #....# #.....
.......#...## ##.#### #.....


You could see an orc priest, 2 orcs and a giant cockroach.

Vanquished Creatures
  4 adders
  A dart slug (D:1)
  3 leopard geckos
  4 orcs (D:3)
  10 bats
  2 giant cockroaches
  5 goblins
  8 hobgoblins
  2 jackals (D:2)
  9 kobolds
  A ball python (D:3)
  2 frilled lizards (D:2)
  4 rats
55 creatures vanquished.

Notes
Turn   | Place    | Note
-------+----------+-------------------------------------------
     0 | D:1      | polve the Gargoyle Fire Elementalist began the quest for the Orb.
     0 | D:1      | Reached XP level 1. HP: 10/10 MP: 3/3
   163 | D:1      | Reached XP level 2. HP: 8/15 MP: 0/5
   181 | D:1      | Learned a level 2 spell: Throw Flame
   297 | D:1      | Found a shimmering altar of Xom.
  1017 | D:1      | Reached XP level 3. HP: 18/19 MP: 6/6
  1842 | D:2      | Found a faded altar of an unknown god.
  1869 | D:2      | Reached skill level 4 in Fire Magic
  2101 | D:2      | Reached XP level 4. HP: 24/24 MP: 3/7
  2866 | D:3      | Killed from afar by an orc priest

Skill      XL: |  1  2  3  4 |
---------------+-------------+-----
Conjurations   | 2 3 |  3.4
Fire Magic     | 4 |  4.3
Dodging        | |  1.5
Stealth        | |  2.1
Spellcasting   | |  2.0

Action                   |  1- 3 |  4- 6 || total
-------------------------+-------+-------++-------
Melee: Unarmed           |    19 |       ||    19
       Short sword       |    68 |       ||    68
       Spear             |    38 |    68 ||   106
 Cast: Flame Tongue      |    29 |    20 ||    49
 Stab: Sleeping          |     2 |       ||     2
  Eat: Chunk             |     4 |     3 ||     7
Armor: Robe              |    66 |    43 ||   109
Dodge: Dodged            |   128 |    75 ||   203
